 Dungeon Crawl Stone Soup version 0.28-a0-1382-g92835e5c71 (webtiles) character file.

Game seed: 9280512071184651809

53377 oldriver the Convoker (level 14, -1/68 HPs)
             Began as a Felid Summoner on Dec 31, 2021.
             Was an Initiate of Gozag.
             Slain by a demonic crawler (10 damage)
             ... on level 1 of the Spider Nest on Jan 5, 2022.
             The game lasted 02:33:36 (39514 turns).

oldriver the Convoker (Felid Summoner)             Turns: 39514, Time: 02:33:38

Health: -1/68      AC: -1    Str:  9    XL:     14   Next: 30%
Magic:  33/33      EV: 24    Int: 31    God:    Gozag
Gold:   438        SH:  0    Dex: 19    Spells: 0/42 levels left
                                        Lives:  0   Deaths: 4

rFire   + + .      SeeInvis +   (weapon unavailable)
rCold   . . .      Faith    .   (shield unavailable)
rNeg    . . .      Spirit   .   (armour unavailable)
rPois   +          Reflect  .   (helmet unavailable)
rElec   +          Harm     .   (cloak unavailable)
rCorr   +          Rampage  .   (gloves unavailable)
Will    ++...                   (boots unavailable)
Stlth   ++........              D - amulet "Xoseex" {RegenMP rElec rF+ rC- Stlth+}
HPRegen 0.21/turn               q - ring of poison resistance
MPRegen 0.63/turn               m - ring "Nesiok" {rF+ rCorr Str+5 Int+9 Stlth-}

@: corroded, slowed, invisible, slow
A: very small, claws 1, fangs 3, see invisible, speed 1, shaggy fur 3, stealthy
paws, no weapons or thrown items, no armour, multi-lived
a: Renounce Religion, Potion Petition, Call Merchant, Bribe Branch


You were on level 1 of the Spider Nest.
You worshipped Gozag.
Gozag was aware of your devotion.
You visited 7 branches of the dungeon, and saw 26 of its levels.
You also visited: Ice Cave.

You collected 11764 gold pieces.
You spent 3107 gold pieces at shops.
You paid 8219 gold pieces to Gozag.

Inventory:

Jewellery
 g - a ring of protection from cold
 m - the ring "Nesiok" (right paw) {rF+ rCorr Str+5 Int+9 Stlth-}
   (You bought it in a shop on level 5 of the Lair of Beasts)

   [ring of protection from fire]

   Str:       It affects your strength (+5).
   Int:       It affects your intelligence (+9).
   rF:        It protects you from fire.
   rCorr:     It protects you from acid and corrosion.
   Stlth:     It makes you less stealthy.
 q - a ring of poison resistance (left paw)
 w - a ring of flight
 y - a ring of ice
 D - the amulet "Xoseex" (around neck) {RegenMP rElec rF+ rC- Stlth+}
   (You bought it in a shop on level 4 of the Lair of Beasts)

   [amulet of magic regeneration]

   It increases your rate of magic regeneration.
   rF:        It protects you from fire.
   rC:        It makes you vulnerable to cold.
   rElec:     It insulates you from electricity.
   Stlth:     It makes you more stealthy.
 F - a ring of ice
Wands
 d - a wand of acid (12)
 j - a wand of charming (3)
 k - a wand of iceblast (18)
 o - a wand of paralysis (17)
 p - a wand of polymorph (14)
 s - a wand of digging (8)
 t - a wand of flame (14)
Scrolls
 a - 2 scrolls of fear
 u - 10 scrolls of teleportation
 v - a scroll of silence
 x - 3 scrolls of fog
 A - 2 scrolls of magic mapping
 E - a scroll of blinking
Potions
 b - 3 potions of ambrosia
 c - 12 potions of curing
 e - 3 potions of brilliance
 f - 4 potions of flight
 h - a potion of resistance
 i - 6 potions of mutation
 l - 2 potions of invisibility
 n - 5 potions of attraction
 r - 4 potions of berserk rage
 z - 3 potions of heal wounds
 B - 2 potions of cancellation
 C - 2 potions of lignification
 G - a potion of haste


   Skills:
 + Level 11.9 Fighting
 + Level 9.5 Dodging
 - Level 2.6 Stealth
 + Level 14.7 Spellcasting
 - Level 5.0 Hexes
 + Level 15.6 Summonings
 + Level 13.5 Translocations
 - Level 6.3 Transmutations
 - Level 10.0 Air Magic


You couldn't memorise any spells.
You knew the following spells:

 Your Spells              Type           Power      Damage    Failure   Level
a - Summon Cactus Giant   Summ           44%        N/A       1%          6
b - Call Imp              Summ           88%        N/A       0%          2
c - Call Canine Familiar  Summ           88%        N/A       0%          3
d - Summon Guardian Gole  Hex/Summ       72%        N/A       1%          3
e - Summon Lightning Spi  Summ/Air       80%        N/A       1%          4
f - Airstrike             Air            35%        N/A       1%          4
g - Swiftness             Air            71%        N/A       1%          3
h - Summon Mana Viper     Hex/Summ       72%        N/A       1%          5
i - Summon Forest         Summ/Tloc      42%        N/A       1%          5
j - Malign Gateway        Summ/Tloc      42%        N/A       4%          7

Your spell library contained the following spells:

 Spells                   Type           Power      Damage    Failure   Level
 Summon Small Mammal      Summ           100%       N/A       0%          1
 Shock                    Conj/Air       100%       1d9       1%          1
 Ensorcelled Hibernation  Hex/Ice        76%        N/A       1%          2
 Static Discharge         Conj/Air       52%        N/A       1%          2
 Mephitic Cloud           Conj/Pois/Air  43%        N/A       1%          3
 Tukima's Dance           Hex            52%        N/A       1%          3
 Iskenderun's Mystic Bla  Conj/Tloc      60%        2d13      1%          4
 Passage of Golubria      Tloc           82%        N/A       1%          4
 Summon Ice Beast         Ice/Summ       63%        N/A       1%          4
 Ignite Poison            Fire/Tmut/Pois 35%        N/A       2%          3
 Ice Form                 Ice/Tmut       42%        N/A       5%          4
 Yara's Violent Unravell  Hex/Tmut       27%        3d12      5%          5
 Frozen Ramparts          Ice            44%        1d6       6%          3
 Freezing Cloud           Conj/Ice/Air   21%        6-21      14%         5
 Animate Dead             Necr           11%        N/A       21%         4
 Summon Horrible Things   Summ           44%        N/A       22%         8
 Conjure Ball Lightning   Conj/Air       26%        3x3d7     36%         6
 Borgnjor's Vile Clutch   Necr/Erth      11%        N/A       50%         5
 Fireball                 Conj/Fire      11%        3d7       50%         5
 Iskenderun's Battlesphe  Conj           22%        2d8       50%         5
 Enfeeble                 Hex            26%        N/A       91%         7
 Death Channel            Necr           11%        N/A       97%         6
 Iron Shot                Conj/Erth      11%        9d3       97%         6
 Orb of Destruction       Conj           11%        9d5       100%        7


Dungeon Overview and Level Annotations

Branches:
Dungeon (13/15)            Temple (1/1) D:7            Lair (6/6) D:9
  Swamp (2/4) Lair:3       Spider (1/4) Lair:4        Slime (0/5) Lair:5
    Orc (2/2) D:9             Elf (1/3) Orc:2         IceCv (visited)
 Vaults: D:13-14

Altars:
Ashenzari
Cheibriados
Dithmenos
Elyvilon
Fedhas
Gozag
Hepliaklqana
Kikubaaqudgha
Makhleb
Nemelex Xobeh
Okawaru
Qazlal
Ru
Sif Muna
Trog
Uskayaw
Vehumet
Wu Jian
Xom
Yredelemnul
Zin
The Shining One

Shops:
D:4 =   D:9 :*   Orc:1 =   Orc:2 ??([*   Elf:1 (***   Lair:2 :   Lair:4 :=:
Lair:5 =

Annotations:
D:3 Sigmund
D:4 Grinder
D:10 1 transporter
D:13 Josephine


Innate Abilities, Weirdness & Mutations

You have sharp claws.
You have razor-sharp teeth.
You have supernaturally acute eyesight. (SInv)
You cover ground quickly. (Speed+)
Your thick and shaggy fur keeps you warm. (AC +3, rC+)
Your paws help you pounce on unaware monsters.
You are incapable of wielding weapons or throwing items.
You cannot wear armour.
You gain extra lives every three experience levels.


Message History

The wolf spider looks frightened!
The wolf spider hisses angrily.
The demonic crawler resists with some effort.
The entropy weaver resists with almost no effort.
The redback looks frightened! x2; The torpor snail looks frightened!
The jumping spider looks frightened!
The wolf spider looks frightened!
The redback looks frightened! x2; The jumping spider looks frightened!
The redback looks frightened!
The torpor snail looks frightened!
The tarantella looks frightened!
The wolf spider looks frightened!
The tarantella looks frightened!
The redback closely misses you.
A redback comes into view.
The jumping spider misses you. The jumping spider barely misses you.
The demonic crawler hits you!
* * * LOW HITPOINT WARNING * * *
The demonic crawler completely misses you.
The demonic crawler hits you!
* * * LOW HITPOINT WARNING * * *
A wolf spider comes into view.
The jumping spider barely misses you.
The jumping spider completely misses you.
The demonic crawler barely misses you. x2
The demonic crawler closely misses you.
The wolf spider moves out of view.
The redback moves out of view.
The jumping spider completely misses you.
The jumping spider closely misses you.
The wolf spider hisses angrily.
You feel much better.
The wolf spider hisses angrily.
The demonic crawler completely misses you.
The demonic crawler hits you.
* * * LOW HITPOINT WARNING * * *
The demonic crawler hits you!
* * * LOW HITPOINT WARNING * * *
The entropy weaver gestures at you while chanting.
The entropic weave corrodes you!
The jumping spider completely misses you.
The jumping spider misses you. The demonic crawler misses you.
The demonic crawler barely misses you. The demonic crawler hits you!
You die...
Your body crumbles into a pile of gold.

^.....# .^..
.$..... ......
....... ...... $
.s.....###.(....
..........w...##
...............#
..........^..)s.
s......s........
......Bs@.......
................
).w...........s.
...s............
...s.(...s......
................
.s.........y....
..........s....


You could see a sun moth (wandering), an entropy weaver, 2 torpor snails, a
demonic crawler, 2 wolf spiders, 2 jumping spiders, a tarantella (fleeing) and 4
redbacks.

Vanquished Creatures
  An eleionoma (Swamp:2)
  Azrael (D:12)
  Fannar (D:12)
  A spriggan druid (Swamp:1)
  2 bog bodies
  A deep elf pyromancer (Elf:1)
  3 deep elf zephyrmancers (Elf:1)
  A cyclops (D:12)
  An elephant (Lair:4)
  A cane toad (Lair:6)
  A rime drake (Lair:5)
  A blink frog (Lair:6)
  5 spriggans (Lair:6)
  A swamp worm (Swamp:1)
  2 boggarts (Lair:6)
  A centaur (D:12)
  5 wolves
  A phantom (D:5)
  2 electric eels
  An orc wizard (D:3)
  2 orcs
  2 ball pythons (D:1)
  A bat (Lair:1)
  A giant cockroach (D:1)
  A goblin (D:1)
  2 hobgoblins (D:1)
  2 quokkas
  3 rats
47 creatures vanquished.

Vanquished Creatures (collateral kills)
  A deep elf sorcerer (Elf:1)
  A frost giant (IceCv)
  A deep elf demonologist (Elf:1)
  2 eleionomae
  5 slime creatures (D:12)
  A bunyip (Swamp:1)
  Snorg (D:12)
  A deep elf high priest (Elf:1)
  7 hydras
  A boulder beetle (Lair:6)
  4 ogre magi (Orc:2)
  A death knight (D:11)
  Erica (Lair:1)
  14 two-headed ogres
  3 dancing weapons (Elf:1)
  Urug (Lair:5)
  16 death yaks
  6 deep elf knights (Elf:1)
  An orb spider (Lair:4)
  6 deep elf archers (Elf:1)
  3 goliath frogs
  2 swamp dragons (Swamp:1)
  2 bog bodies
  15 deep elf zephyrmancers (Elf:1)
  An orc knight (Orc:2)
  11 deep elf pyromancers (Elf:1)
  19 elephants
  Maurice (D:11)
  3 black mambas
  14 cane toads
  3 rime drakes
  Maggie (D:7)
  12 komodo dragons
  3 trolls
  14 polar bears
  A queen bee (shapeshifter) (D:8)
  2 tyrant leeches (Swamp:1)
  4 hornets (Lair:6)
  11 blink frogs
  8 dream sheep
  A shadow (D:9)
  3 wraiths
  9 spriggans (Lair:6)
  4 wyverns
  A vampire (D:10)
  2 basilisks (Lair:5)
  42 yaks
  3 water elementals (Elf:1)
  A ynoxinul (D:9)
  3 fire elementals (D:12)
  3 steam dragons
  17 vampire mosquitoes
  Menkaure (D:7)
  2 acid dragons
  3 swamp worms
  15 water moccasins
  2 hell hounds (D:12)
  17 orc warriors
  An ice beast (D:8)
  A swamp drake (Swamp:1)
  4 black bears (Lair:6)
  30 ogres
  A necrophage (D:6)
  38 wolves
  6 centaurs
  A phantom (D:5)
  2 boggarts (Lair:6)
  3 kobold brigands
  18 bullfrogs
  An earth elemental (Elf:1)
  3 scorpions
  A water moccasin skeleton (D:5)
  A nameless horror (Lair:4)
  7 centaur zombies
  A bullfrog zombie (D:6)
  2 jellies
  5 orc priests
  A bullfrog skeleton (D:7)
  3 hounds
  A centaur skeleton (D:6)
  An iguana (D:6)
  10 orc wizards
  A killer bee zombie (D:8)
  A hound skeleton (D:5)
  A howler monkey zombie (D:6)
  3 gnolls (D:3)
  9 adders
  2 river rats (D:9)
  A shadow imp (D:5)
  3 white imps
  3 worms
  A dart slug (D:4)
  49 orcs
  12 bats
  10 endoplasms
  3 giant cockroaches (D:1)
  4 goblins
  9 hobgoblins
  8 quokkas
  4 ball pythons
  2 frilled lizards (D:1)
  23 kobolds
  3 rats
  A bush (Lair:6)
628 creatures vanquished.

Vanquished Creatures (others)
  4 eldritch tentacles
  A two-headed ogre (Orc:2)
  3 death yaks
  2 deep elf pyromancers (Elf:1)
  A deep elf zephyrmancer (Elf:1)
  2 elephants (Lair:3)
  Joseph (D:7)
  A torpor snail (Lair:3)
  2 cane toads
  7 polar bears
  A bloated husk (Swamp:1)
  A wyvern (Lair:2)
  4 yaks (D:9)
  5 wolves (IceCv)
  2 ogres (D:5)
  A bullfrog zombie (D:6)
  An orc wizard (D:6)
  A shadow imp (D:7)
  2 orcs (D:6)
  A bush (Lair:2)
  56 fungi
  109 plants
  14 snaplasher vines
222 creatures vanquished.

Grand Total: 897 creatures vanquished

Notes
Turn   | Place    | Note
-------+----------+-------------------------------------------
     0 | D:1      | oldriver the Felid Summoner began the quest for the Orb.
     0 | D:1      | Reached XP level 1. HP: 7/7 MP: 4/4
   153 | D:1      | Reached XP level 2. HP: 11/11 MP: 4/6
  1116 | D:1      | Reached XP level 3. HP: 14/14 MP: 4/8
  1119 | D:1      | Learned a level 2 spell: Call Imp
  3045 | D:2      | Reached XP level 4. HP: 18/18 MP: 4/9
  3211 | D:2      | Found a blossoming altar of Fedhas.
  3615 | D:3      | Reached skill level 5 in Summonings
  4027 | D:3      | Noticed Sigmund
  4628 | D:3      | Reached XP level 5. HP: 21/21 MP: 9/11
  4974 | D:3      | Identified the +7 short sword "Demonslayer" {pain, +Blink
                  | Int+3}
  5033 | D:4      | Noticed Grinder
  5527 | D:3      | Found a faded altar of an unknown god.
  5975 | D:4      | Learned a level 3 spell: Call Canine Familiar
  5979 | D:4      | Learned a level 3 spell: Summon Guardian Golem
  6368 | D:4      | Found Ufem's Jewellery Boutique.
  6733 | D:4      | Noticed an ogre
  6765 | D:4      | Killed an ogre
  6766 | D:4      | Gained mutation: You are covered in thick fur. (AC +2)
                  | [Felid growth]
  6766 | D:4      | Reached XP level 6. HP: 24/24 MP: 1/13
  6884 | D:4      | Learned a level 4 spell: Summon Lightning Spire
  6935 | D:4      | Reached skill level 1 in Hexes
  6935 | D:4      | Reached skill level 6 in Summonings
  7266 | D:5      | Entered Level 5 of the Dungeon
  7645 | D:5      | Reached skill level 5 in Spellcasting
  7645 | D:5      | Reached XP level 7. HP: 27/27 MP: 5/15
  8283 | D:5      | Reached skill level 5 in Hexes
  8283 | D:5      | Reached skill level 7 in Summonings
  8594 | D:5      | Reached XP level 8. HP: 31/31 MP: 6/17
  9200 | D:6      | Reached skill level 1 in Air Magic
  9293 | D:6      | Found a glowing golden altar of the Shining One.
 10148 | D:7      | Reached skill level 8 in Summonings
 10268 | D:7      | Noticed Maggie
 10307 | D:7      | Killed Maggie
 10308 | D:7      | Reached XP level 9. HP: 34/34 MP: 20/20
 10406 | D:7      | Found a staircase to the Ecumenical Temple.
 10416 | D:7      | Noticed Menkaure
 10424 | D:7      | Killed Menkaure
 10452 | Temple   | Entered the Ecumenical Temple
 10720 | D:7      | Noticed a troll
 11306 | D:6      | Became a worshipper of the Shining One
 11542 | D:7      | Noticed Joseph
 11567 | D:7      | Killed Joseph
 11568 | D:7      | Reached skill level 9 in Summonings
 12035 | D:7      | Killed a troll
 12036 | D:7      | Reached skill level 5 in Air Magic
 12214 | D:8      | Noticed a queen bee
 12220 | D:8      | Killed a queen bee
 12282 | D:8      | Noticed a two-headed ogre
 12325 | D:8      | Killed a two-headed ogre
 12326 | D:8      | Reached XP level 10. HP: 37/37 MP: 7/23
 12752 | D:8      | Noticed a centaur warrior
 12913 | D:9      | Found Qett's Assorted Antiques.
 12928 | D:9      | Reached skill level 10 in Summonings
 13011 | D:9      | Bought a scroll labelled XIMUPH TILUO for 31 gold pieces
 13360 | D:9      | Found a staircase to the Orcish Mines.
 13372 | D:9      | Found an opulent altar of Gozag.
 13394 | D:9      | Fell from the grace of the Shining One
 13394 | D:9      | Became a worshipper of Gozag Ym Sagoz the Greedy
 13764 | D:9      | Found Zoaleocylu's Book Shop.
 13820 | D:9      | Noticed a death yak
 13832 | D:9      | Killed a death yak
 13835 | D:9      | Noticed a death yak
 13844 | D:9      | Noticed a death yak
 13850 | D:9      | Killed a death yak
 13866 | D:9      | Killed a death yak
 13867 | D:9      | Reached skill level 11 in Summonings
 14086 | D:9      | Found a staircase to the Lair.
 14097 | D:9      | Reached XP level 11. HP: 40/40 MP: 21/25
 14157 | D:9      | Found a shimmering blue altar of Sif Muna.
 14175 | D:9      | Got Sif Muna's Reference Book on Battle Magic
 14202 | D:9      | Found a bloodstained altar of Trog.
 14257 | D:9      | Reached skill level 1 in Fighting
 14626 | D:8      | Shot with an arrow by a centaur warrior
 14627 | D:8      | Reached XP level 10. HP: -3/39 MP: 8/24
 14703 | Lair:1   | Entered Level 1 of the Lair of Beasts
 14827 | Lair:1   | Noticed a black mamba
 14838 | Lair:1   | Noticed a cane toad
 14840 | Lair:1   | Killed a black mamba
 14842 | Lair:1   | Killed a cane toad
 14844 | Lair:1   | Noticed Erica
 14879 | Lair:1   | Killed Erica
 14880 | Lair:1   | Reached skill level 10 in Spellcasting
 15790 | Lair:1   | Noticed a cane toad
 15796 | Lair:1   | Killed a cane toad
 16568 | Lair:2   | Reached XP level 11. HP: 34/45 MP: 17/26
 17382 | Lair:2   | Reached skill level 12 in Summonings
 17592 | Lair:2   | Reached skill level 5 in Fighting
 17759 | Lair:2   | Found a glowing silver altar of Zin.
 18347 | Lair:2   | Bought a book of Air for 308 gold pieces
 18352 | Lair:2   | Learned a level 4 spell: Airstrike
 18356 | Lair:2   | Learned a level 3 spell: Swiftness
 18356 | Lair:2   | Bought a Grand Grimoire for 476 gold pieces
 18475 | Lair:3   | Reached skill level 1 in Transmutations
 18585 | Lair:3   | Found a staircase to the Swamp.
 18853 | Lair:3   | Gained mutation: Your thick and shaggy fur keeps you warm.
                  | (AC +3, rC+) [Felid growth]
 18853 | Lair:3   | Reached XP level 12. HP: 52/52 MP: 14/28
 19292 | Lair:3   | Noticed an eight-headed hydra
 19316 | Lair:3   | Killed an eight-headed hydra
 19600 | Lair:4   | You fall into a shaft and drop 1 floor!
 19622 | Lair:5   | Found an ornate altar of the Wu Jian Council.
 19666 | Lair:4   | Found a frozen archway.
 19906 | IceCv    | Entered an ice cave
 20437 | IceCv    | Noticed a death yak
 20448 | IceCv    | Noticed a death yak
 20450 | IceCv    | Killed a death yak
 20461 | IceCv    | Killed a death yak
 20462 | IceCv    | Reached skill level 5 in Transmutations
 20604 | IceCv    | Reached skill level 13 in Summonings
 20734 | IceCv    | Reached skill level 10 in Air Magic
 21333 | IceCv    | Noticed a death yak
 21358 | IceCv    | Killed a death yak
 21359 | IceCv    | Reached XP level 13. HP: 57/57 MP: 21/29
 21782 | IceCv    | Found the +7 captain's cutlass {speed, disarm}
 21789 | IceCv    | Noticed a frost giant
 21902 | IceCv    | Killed a frost giant
 22607 | Lair:4   | Found a hole to the Spider Nest.
 22754 | Lair:4   | Reached skill level 1 in Translocations
 22760 | Lair:4   | Bought the amulet "Xoseex" {RegenMP rElec rF+ rC- Stlth+}
                  | for 561 gold pieces
 22944 | Lair:4   | Identified 3 scrolls of acquirement
 22944 | Lair:4   | Acquired 863 gold pieces
 22951 | Lair:4   | Acquired 797 gold pieces
 22962 | Lair:4   | Acquired 784 gold pieces
 22971 | Lair:4   | Learned a level 5 spell: Summon Mana Viper
 22977 | Lair:4   | Learned a level 5 spell: Summon Forest
 22987 | Lair:4   | Learned a level 6 spell: Summon Cactus Giant
 24592 | Lair:5   | Noticed Urug
 24615 | Lair:5   | Killed Urug
 24751 | Lair:5   | Reached skill level 5 in Translocations
 24841 | Lair:5   | HP: 1/59 [blink frog (5)]
 24841 | Lair:5   | Slain by a blink frog
 24842 | Lair:5   | Reached XP level 12. HP: -2/56 MP: 23/29
 24938 | Lair:5   | Found a staircase to the Slime Pits.
 24964 | Lair:5   | Noticed a death yak
 24966 | Lair:5   | Noticed a death yak
 24967 | Lair:5   | Noticed a death yak
 24972 | Lair:5   | Killed a death yak
 24985 | Lair:5   | Killed a death yak
 24997 | Lair:5   | Killed a death yak
 25030 | Lair:5   | Reached skill level 14 in Summonings
 25142 | Lair:5   | Reached XP level 13. HP: 60/60 MP: 24/30
 25678 | Lair:5   | Got the Handbook of Conjuration
 25835 | Lair:5   | Upgraded the game from 0.28-a0-1356-g2ad6d04315 to
                  | 0.28-a0-1382-g92835e5c71
 25845 | Lair:6   | Entered Level 6 of the Lair of Beasts
 26927 | Lair:6   | Found a shimmering altar of Xom.
 27583 | Lair:6   | Reached skill level 10 in Fighting
 29024 | Lair:5   | Bought the ring "Nesiok" {rF+ rCorr Str+5 Int+9 Stlth-} for
                  | 1180 gold pieces
 29257 | D:4      | Bought a ring of poison resistance for 220 gold pieces
 29461 | Swamp:1  | Entered Level 1 of the Swamp
 29470 | Swamp:1  | Reached XP level 14. HP: 66/66 MP: 19/32
 29931 | Orc:1    | Entered Level 1 of the Orcish Mines
 30003 | Orc:2    | Entered Level 2 of the Orcish Mines
 30033 | Orc:2    | Reached skill level 10 in Translocations
 30060 | Orc:2    | Reached skill level 15 in Summonings
 30085 | Orc:2    | Reached skill level 5 in Dodging
 30283 | Orc:2    | Found Museelu's Weapon Emporium.
 30283 | Orc:2    | Found Riturhit's General Store.
 30284 | Orc:2    | Found Wiocicek's Magic Scroll Boutique.
 30284 | Orc:2    | Found Plog's Antique Armour Emporium.
 30475 | Orc:2    | Found Ifamun's Magic Scroll Emporium.
 30481 | Orc:2    | Bought a scroll of teleportation for 45 gold pieces
 30481 | Orc:2    | Bought a scroll of fear for 52 gold pieces
 30481 | Orc:2    | Bought a scroll of fog for 30 gold pieces
 30654 | Orc:2    | Found a staircase to the Elven Halls.
 32039 | D:10     | Entered Level 10 of the Dungeon
 32633 | D:10     | Found a sparkling altar of Nemelex Xobeh.
 32633 | D:10     | Found a transporter.
 32777 | D:11     | Noticed Maurice
 32786 | D:11     | Killed Maurice
 33560 | D:12     | Noticed Azrael
 33572 | D:12     | Killed Azrael
 34096 | D:12     | Noticed Snorg
 34106 | D:12     | Killed Snorg
 34487 | D:12     | Noticed Fannar
 35168 | Swamp:1  | Reached XP level 15. HP: 51/70 MP: 16/34
 35204 | Swamp:1  | Learned a level 7 spell: Malign Gateway
 35689 | Swamp:2  | Acquired 558 gold pieces
 35927 | Swamp:2  | Mangled by a seven-headed hydra
 35928 | Swamp:2  | Reached XP level 14. HP: -7/67 MP: 25/33
 36731 | Spider:1 | Entered Level 1 of the Spider Nest
 37009 | D:13     | Noticed Josephine
 37310 | D:12     | Killed Fannar
 37637 | Elf:1    | Entered Level 1 of the Elven Halls
 37783 | Elf:1    | HP: 1/67 [+1 dire flail of venom (31)]
 37783 | Elf:1    | Killed from afar by a deep elf zephyrmancer
 37784 | Elf:1    | Reached XP level 13. HP: -5/63 MP: 10/32
 37807 | Elf:1    | Noticed a deep elf sorcerer
 37836 | Elf:1    | Killed a deep elf sorcerer
 38003 | Elf:1    | Noticed a deep elf demonologist
 38018 | Elf:1    | Killed a deep elf demonologist
 38153 | Elf:1    | Bought a murky coppery potion for 28 gold pieces
 38717 | Elf:1    | Found Zavvymoh's Assorted Antiques.
 38717 | Elf:1    | Found Sietoucs's General Store.
 38768 | Elf:1    | Reached XP level 14. HP: 68/68 MP: 28/33
 38978 | Elf:1    | Bought a potion of heal wounds for 80 gold pieces
 38978 | Elf:1    | Bought a scroll of teleportation for 48 gold pieces
 38978 | Elf:1    | Bought a scroll of teleportation for 48 gold pieces
 39309 | Elf:1    | Found Kamamor's Antique Weapon Emporium.
 39512 | Spider:1 | HP: 2/68 [demonic crawler (13)]
 39514 | Spider:1 | Slain by a demonic crawler

Illustrated notes

Levels and vault maps discovered:
D:1:      dpeg_arrival_long_road, layout_loops_ring, minmay_3d_cube
D:2:      layout_basic, basic_altar
D:3:      layout_basic, shapermc_ecumenical_altar_petra, uniq_sigmund
D:4:      layout_loops_corners, serial_shops, nicolae_shop_statue_plus,
          uniq_grinder
D:5:      minmay_chambers_of_threes, layout_loops_ring
D:6:      layout_rooms, mainiacjoe_overflow_24_doors, kennysheep_small_spiral
D:7:      layout_loops_cross, minmay_temple_entry_tees, uniq_maggie,
          uniq_menkaure, uniq_joseph
D:8:      layout_gridville, minivault_11
D:9:      layout_roguey, mainiacjoe_overflow_alcove_1,
          nzn_overflow_gifts_of_might_and_magic, dpeg_lair_monsters,
          serial_shops, nicolae_square_shop, nicolae_stop_n_shop_1,
          hellmonk_bongcloud_opening, minivault_26, fungi_pond_lemuel,
          patterned_corridor
D:10:     layout_rooms, grunt_nemelex_the_gamble
D:11:     layout_basic, uniq_maurice
D:12:     layout_basic, uniq_snorg, uniq_fannar, uniq_azrael
D:13:     layout_rooms, grunt_vaults_entry_tiered, gauntlet_entry_generic,
          nicolae_gozag_cash_rules_everything_around_me, uniq_josephine,
          uniq_jorgrun
Temple:   minmay_crystal_spiral_temple
Lair:1:   layout_cave_pods, roderic_batcave, uniq_erica
Lair:2:   layout_layer_cave, basic_altar, grunt_megastairs_2
Lair:3:   layout_cave_shapes, minmay_swamp_entry_swarm,
          infiniplex_staircase_pool_2, grunt_megastairs_1
Lair:4:   layout_cave_pods, nicolae_spider_entry_orb_guardian,
          portal_ice_cave_entry_pillars_1, nicolae_quartered_pool_impasse
Lair:5:   nzn_winding_woodlands_medium [nzn_winding_woodlands_5x5_closed_star,
          nzn_winding_woodlands_5x15_longhouse, nzn_winding_woodlands_hourglass,
          nzn_winding_woodlands_5x5_checkerboard,
          nzn_winding_woodlands_center_garden,
          nzn_winding_woodlands_5x5_perimeter, nzn_winding_woodlands_5x5_three,
          nzn_winding_woodlands_5x15_split_checker,
          nzn_winding_woodlands_5x5_default], layout_loops_ring, slime_dummy,
          basic_altar, uniq_urug
Lair:6:   minmay_lair_end_enchanted_forest, layout_gridlike, basic_altar,
          serial_bayou_shore_b
Swamp:1:  layout_basic_swamp, hangedman_swamp_blocks, swamp_pool4, st_swamp_mini
Swamp:2:  layout_falls_marsh, evilmike_swamp_ruin_rubble_1
Spider:1: layout_spider_delve, uniq_nikola
Orc:1:    minmay_goldmine, layout_caves, minmay_orc_keep
Orc:2:    st_orc_ogre_mass, layout_caves, serial_shops,
          nicolae_shop_hallway_plus
Elf:1:    layout_gridlike, serial_shops, nicolae_shop_hallway_plus,
          hangedman_elf_represent, minmay_shoptagon

Skill      XL: |  1  2  3  4  5  6  7  8  9 10 11 12 13 14 |
---------------+-------------------------------------------+-----
Spellcasting   | 3 4 5 7 8 10 11 13 14 | 14.7
Summonings     | 5 6 7 8 9 11 12 14 15 | 15.6
Hexes          | 3 5 |  5.0
Air Magic      | 3 5 8 9 10 | 10.0
Fighting       | 3 5 9 10 11 | 11.9
Transmutations | 2 5 6 |  6.3
Translocations | 6 13 12 | 13.5
Dodging        | 9 7 |  9.5
Stealth        | |  2.6

Action                   |  1- 3 |  4- 6 |  7- 9 | 10-12 | 13-15 || total
-------------------------+-------+-------+-------+-------+-------++-------
Melee: Unarmed           |    40 |    13 |    20 |    27 |     3 ||   103
       Bite              |     4 |     3 |     2 |     4 |       ||    13
 Cast: Summon Small Mamm |    58 |    58 |    12 |    10 |     2 ||   140
       Call Imp          |    18 |    76 |    21 |       |       ||   115
       Call Canine Famil |       |    13 |    49 |    87 |    28 ||   177
       Summon Guardian G |       |     2 |    13 |    80 |    30 ||   125
       Summon Lightning  |       |       |    13 |   106 |    91 ||   210
       Summon Mana Viper |       |       |       |     6 |   136 ||   142
       Summon Cactus Gia |       |       |       |     4 |   164 ||   168
       Summon Forest     |       |       |       |     1 |    69 ||    70
       Airstrike         |       |       |       |       |   104 ||   104
       Malign Gateway    |       |       |       |       |     4 ||     4
Invok: Call Merchant     |       |       |       |     1 |     6 ||     7
       Potion Petition   |       |       |       |       |     2 ||     2
Evoke: Wand              |       |       |       |     4 |     4 ||     8
  Use: Scroll            |       |     4 |     5 |     8 |    21 ||    38
       Potion            |       |       |     4 |     1 |     2 ||     7
 Stab: Sleeping          |     3 |       |       |       |       ||     3
       Distracted        |       |       |     1 |     1 |       ||     2
Armor: Skin              |     6 |       |     8 |     5 |     4 ||    23
Dodge: Dodged            |    63 |    14 |    65 |    62 |   124 ||   328

Table legend: (Time is in decaauts)
 A = Elapsed time spent in this place.
 B = Non-inter-level travel time spent in this place.
 C = Inter-level travel time spent in this place.
 D = Time resting spent in this place.
 E = Time spent auto-exploring this place.
 F = Levels seen in this place.
 G = Mean time per level.
                   A        B        C        D        E       F      G
               +--------+--------+--------+--------+--------+-----+--------+
         Total |  35551 |  33236 |   2315 |  10424 |  14454 |  27 | 1316.7 |
       Dungeon |  16278 |  15101 |   1177 |   4390 |   7100 |  13 | 1252.2 |
        Temple |    169 |    102 |     67 |      0 |     88 |   1 |  169.0 |
          Lair |  11052 |  10281 |    771 |   3015 |   4695 |   6 | 1842.0 |
         Swamp |   2210 |   2160 |     50 |   1133 |    642 |   2 | 1105.0 |
   Spider Nest |      5 |      5 |      0 |      0 |      0 |   1 |    5.0 |
  Orcish Mines |   1922 |   1685 |    237 |    255 |    873 |   2 |  961.0 |
   Elven Halls |   1509 |   1498 |     11 |    450 |    560 |   1 | 1509.0 |
      Ice Cave |   2402 |   2402 |      0 |   1178 |    492 |   1 | 2402.0 |
               +--------+--------+--------+--------+--------+-----+--------+

Top non-repeatable levels by time:
   IceCv: 2402 daAuts
  Lair:6: 2394 daAuts
  Lair:5: 2359 daAuts
     D:3: 2087 daAuts
  Lair:1: 1939 daAuts
     D:9: 1911 daAuts
     D:1: 1812 daAuts
 Swamp:1: 1755 daAuts
     D:5: 1750 daAuts
  Lair:4: 1627 daAuts
     D:2: 1585 daAuts
   Elf:1: 1509 daAuts
  Lair:2: 1483 daAuts
    D:12: 1412 daAuts
     D:6: 1301 daAuts
